[ AOE2 MATCH · #507348341 ]
UnrankedIncas vs Wei
Player's team · WIN
Rival team · LOSS
[ REPLAY ANALYSIS · EXTRACTED FROM THE RECORDED GAME ]
Feudal
11:24
Castle
21:59
Imperial
40:21
| APM avg | 63.6 |
| APM peak | 116 |
| eAPM avg | 29.6 |
| Villagers / military | 140 / 156 |
Focus
⚔️ 45.3% · 🌾 54.7%
Skirmisher ×68 · Spearman ×66 · Unknown (2550) ×14 · Monk ×8 · Battering Ram ×6 · Archer ×4
Feudal
8:26
Castle
21:48
Imperial
40:48
| APM avg | 63.5 |
| APM peak | 106 |
| eAPM avg | 27.5 |
| Villagers / military | 145 / 35 |
Focus
⚔️ 37.1% · 🌾 62.9%
Unknown (1952) ×44 · Unknown (1944) ×21 · Skirmisher ×15 · Unknown (1949) ×11 · Mangonel ×7 · Monk ×5
Match map
Initial resources + every placement click. Lines = walls · curves = elevation contours. ◆ gold · ⬟ stone · ● berries · ✦ relic · ◌ wall gap
Your base· ✓ Closed at 21:59 · 72t walls · no gate
Scotty's base· Open — opponent sealed themselves in
Smoothed initial terrain · ◌ = detected wall gap · hover for details
Inputs per minute
— DK | Good_luck - - Scotty
Build order — DK | Good_luck
First 150 of 471 actions detected
| 0:01 | Queue | Villager (Male) |
| 0:01 | Queue | Villager (Male) |
| 0:01 | Queue | Villager (Male) |
| 0:03 | Build | House |
| 0:19 | Queue | Villager (Male) |
| 0:19 | Queue | Villager (Male) |
| 1:07 | Queue | Villager (Male) |
| 1:07 | Queue | Villager (Male) |
| 1:43 | Queue | Villager (Male) |
| 1:43 | Queue | Villager (Male) |
| 1:53 | Build | Settlement |
| 2:04 | Queue | Villager (Male) |
| 2:42 | Queue | Villager (Male) |
| 2:56 | Queue | Villager (Male) |
| 3:33 | Queue | Villager (Male) |
| 4:02 | Queue | Villager (Male) |
| 4:26 | Queue | Villager (Male) |
| 4:26 | Queue | Villager (Male) |
| 4:33 | Build | Barracks |
| 4:58 | Queue | Villager (Male) |
| 4:59 | Queue | Villager (Male) |
| 5:04 | Build | Palisade Wall |
| 5:26 | Queue | Unit 2550 |
| 5:27 | Queue | Unit 2550 |
| 5:42 | Queue | Villager (Male) |
| 5:52 | Queue | Villager (Male) |
| 6:02 | Build | Settlement |
| 6:04 | Queue | Villager (Male) |
| 6:15 | Queue | Unit 2550 |
| 6:25 | Queue | Villager (Male) |
| 6:29 | Build | Palisade Wall |
| 6:40 | Build | House |
| 6:45 | Queue | Villager (Male) |
| 7:07 | Queue | Unit 2550 |
| 7:12 | Build | House |
| 7:13 | Queue | Villager (Male) |
| 7:15 | Build | Palisade Wall |
| 7:42 | Build | Palisade Wall |
| 7:56 | Queue | Villager (Male) |
| 8:04 | Build | Palisade Wall |
| 8:07 | Build | Palisade Wall |
| 8:13 | Build | Palisade Wall |
| 8:15 | Build | Palisade Wall |
| 8:18 | Queue | Villager (Male) |
| 8:46 | Queue | Villager (Male) |
| 8:50 | Build | Palisade Wall |
| 9:02 | Build | Palisade Wall |
| 9:09 | Queue | Villager (Male) |
| 9:14 | Research | Feudal Age |
| 9:25 | Build | Palisade Wall |
| 9:26 | Build | Palisade Wall |
| 10:11 | Queue | Unit 2550 |
| 10:20 | Queue | Unit 2550 |
| 10:35 | Build | House |
| 10:39 | Queue | Unit 2550 |
| 11:18 | Build | House |
| 11:20 | Build | House |
| 11:24 | Age | Feudal Age |
| 11:26 | Queue | Villager (Male) |
| 11:28 | Research | Double-Bit Axe |
| 11:28 | Research | Double-Bit Axe |
| 11:29 | Research | Horse Collar |
| 11:29 | Research | Horse Collar |
| 11:31 | Research | Tech 1402 |
| 11:37 | Queue | Villager (Male) |
| 11:40 | Build | Farm |
| 11:40 | Build | Farm |
| 11:41 | Build | Farm |
| 11:59 | Build | Farm |
| 12:01 | Build | Farm |
| 12:05 | Build | Farm |
| 12:07 | Queue | Villager (Male) |
| 12:20 | Build | House |
| 12:21 | Queue | Spearman |
| 12:36 | Queue | Villager (Male) |
| 12:45 | Build | Blacksmith |
| 13:14 | Queue | Villager (Male) |
| 13:20 | Queue | Villager (Male) |
| 13:21 | Build | Farm |
| 13:23 | Build | Farm |
| 13:28 | Build | House |
| 13:36 | Research | Scale Mail Armor |
| 13:36 | Research | Scale Mail Armor |
| 13:37 | Queue | Villager (Male) |
| 13:39 | Build | Farm |
| 13:51 | Queue | Unit 2550 |
| 14:02 | Queue | Villager (Male) |
| 14:03 | Build | Farm |
| 14:10 | Build | House |
| 14:26 | Queue | Unit 2550 |
| 14:31 | Research | Forging |
| 14:31 | Research | Forging |
| 14:34 | Queue | Villager (Male) |
| 14:35 | Build | Farm |
| 14:37 | Build | Farm |
| 15:01 | Queue | Unit 2550 |
| 15:19 | Queue | Unit 2550 |
| 15:20 | Queue | Villager (Male) |
| 15:30 | Build | House |
| 15:30 | Queue | Villager (Male) |
| 15:36 | Build | Settlement |
| 16:00 | Build | House |
| 16:04 | Queue | Villager (Male) |
| 16:06 | Build | Farm |
| 16:06 | Build | Farm |
| 16:07 | Build | Farm |
| 16:16 | Build | Farm |
| 16:17 | Build | Farm |
| 16:33 | Queue | Villager (Male) |
| 16:40 | Queue | Villager (Male) |
| 16:43 | Build | Farm |
| 16:50 | Build | House |
| 17:07 | Queue | Villager (Male) |
| 17:28 | Build | Farm |
| 17:53 | Queue | Villager (Male) |
| 18:00 | Build | Settlement |
| 18:32 | Build | Farm |
| 18:34 | Build | Farm |
| 18:38 | Build | Farm |
| 18:43 | Queue | Villager (Male) |
| 18:46 | Build | Blacksmith |
| 18:50 | Build | Archery Range |
| 18:57 | Build | Archery Range |
| 19:11 | Build | Farm |
| 19:19 | Research | Castle Age |
| 19:23 | Queue | Skirmisher |
| 19:31 | Research | Fletching |
| 19:40 | Queue | Skirmisher |
| 19:44 | Build | House |
| 19:45 | Build | House |
| 19:47 | Build | House |
| 19:48 | Research | Loom |
| 19:51 | Queue | Skirmisher |
| 19:51 | Queue | Skirmisher |
| 19:57 | Build | House |
| 19:59 | Build | House |
| 20:00 | Build | House |
| 20:01 | Build | House |
| 20:09 | Build | House |
| 20:12 | Queue | Skirmisher |
| 20:13 | Queue | Skirmisher |
| 20:17 | Research | Padded Archer Armor |
| 20:17 | Research | Padded Archer Armor |
| 20:33 | Queue | Skirmisher |
| 20:34 | Queue | Skirmisher |
| 20:57 | Queue | Skirmisher |
| 20:58 | Queue | Skirmisher |
| 20:59 | Queue | Spearman |
| 21:09 | Research | Wheelbarrow |
| 21:25 | Queue | Skirmisher |
Build order — Scotty
First 150 of 395 actions detected
| 0:01 | Queue | Villager (Male) ×4 |
| 0:02 | Build | House |
| 0:04 | Build | House |
| 1:30 | Queue | Villager (Male) |
| 1:30 | Queue | Villager (Male) |
| 1:54 | Queue | Villager (Male) |
| 2:27 | Queue | Villager (Male) |
| 2:27 | Queue | Villager (Male) |
| 2:46 | Build | Lumber Camp |
| 2:57 | Queue | Villager (Male) |
| 2:57 | Queue | Villager (Male) |
| 3:30 | Queue | Villager (Male) |
| 3:48 | Build | House |
| 3:53 | Queue | Villager (Male) |
| 3:53 | Queue | Villager (Male) |
| 3:54 | Queue | Villager (Male) |
| 4:49 | Queue | Villager (Male) |
| 4:50 | Queue | Villager (Male) |
| 5:16 | Build | Mill |
| 5:18 | Queue | Villager (Male) |
| 5:45 | Research | Loom |
| 5:45 | Research | Loom |
| 6:12 | Research | Feudal Age |
| 6:12 | Research | Feudal Age |
| 6:36 | Build | House |
| 6:38 | Queue | Villager (Male) |
| 7:05 | Build | Palisade Wall |
| 7:13 | Build | Palisade Wall |
| 7:17 | Build | Palisade Wall |
| 7:20 | Build | Palisade Wall |
| 7:21 | Build | Palisade Wall |
| 7:22 | Build | Palisade Wall |
| 7:22 | Build | Palisade Wall |
| 7:23 | Build | Palisade Wall |
| 7:23 | Build | Palisade Wall |
| 7:40 | Build | Barracks |
| 8:11 | Build | House |
| 8:26 | Age | Feudal Age |
| 8:31 | Research | Double-Bit Axe |
| 8:31 | Research | Double-Bit Axe |
| 8:33 | Queue | Villager (Male) |
| 8:57 | Queue | Villager (Male) |
| 9:09 | Build | Stable |
| 9:21 | Queue | Villager (Male) |
| 9:22 | Queue | Villager (Male) |
| 9:25 | Build | House |
| 9:27 | Build | Palisade Wall |
| 9:30 | Build | Palisade Wall |
| 9:33 | Build | House |
| 9:37 | Queue | Villager (Male) |
| 9:50 | Queue | Villager (Male) |
| 9:56 | Build | House |
| 10:01 | Build | Palisade Wall |
| 10:02 | Build | Palisade Wall |
| 10:06 | Queue | Scout Cavalry |
| 10:08 | Build | Farm |
| 10:09 | Build | Farm |
| 10:15 | Queue | Villager (Male) |
| 10:29 | Build | Farm |
| 10:45 | Build | Farm |
| 10:46 | Queue | Villager (Male) |
| 10:59 | Build | Farm |
| 11:01 | Queue | Scout Cavalry |
| 11:13 | Queue | Villager (Male) |
| 11:25 | Build | Farm |
| 11:35 | Queue | Villager (Male) |
| 11:50 | Queue | Villager (Male) |
| 12:01 | Queue | Villager (Male) |
| 12:13 | Build | Archery Range |
| 12:16 | Queue | Villager (Male) |
| 12:29 | Research | Horse Collar |
| 12:39 | Queue | Villager (Male) |
| 12:52 | Build | House |
| 12:58 | Queue | Archer |
| 12:59 | Queue | Villager (Male) |
| 13:02 | Build | Mining Camp |
| 13:16 | Queue | Villager (Male) |
| 13:18 | Build | Farm |
| 13:19 | Build | Farm |
| 13:21 | Queue | Scout Cavalry |
| 13:22 | Queue | Scout Cavalry |
| 13:29 | Queue | Villager (Male) |
| 13:30 | Queue | Villager (Male) |
| 13:31 | Build | Farm |
| 13:37 | Queue | Villager (Male) |
| 13:39 | Build | Farm |
| 13:48 | Queue | Skirmisher |
| 13:53 | Build | Farm |
| 14:10 | Queue | Villager (Male) |
| 14:22 | Queue | Scout Cavalry |
| 14:30 | Queue | Villager (Male) |
| 14:34 | Build | Mining Camp |
| 14:46 | Queue | Villager (Male) |
| 15:02 | Build | House |
| 15:21 | Queue | Villager (Male) |
| 15:36 | Build | Palisade Wall |
| 15:39 | Build | Palisade Wall |
| 15:46 | Queue | Skirmisher |
| 15:46 | Queue | Skirmisher |
| 15:46 | Queue | Skirmisher |
| 16:01 | Queue | Villager (Male) |
| 16:15 | Queue | Skirmisher |
| 16:16 | Queue | Villager (Male) |
| 16:16 | Queue | Villager (Male) |
| 16:16 | Queue | Villager (Male) |
| 16:30 | Queue | Archer |
| 16:38 | Queue | Villager (Male) |
| 16:49 | Build | Market |
| 16:54 | Build | House |
| 16:55 | Build | House |
| 17:00 | Queue | Villager (Male) |
| 17:08 | Build | Farm |
| 17:10 | Build | Farm |
| 17:12 | Build | House |
| 17:21 | Queue | Villager (Male) |
| 17:58 | Build | Farm |
| 18:29 | Research | Gold Mining |
| 18:29 | Research | Gold Mining |
| 18:29 | Queue | Villager (Male) |
| 18:34 | Build | House |
| 18:34 | Build | House |
| 18:37 | Build | Palisade Wall |
| 18:45 | Build | Archery Range |
| 19:08 | Research | Castle Age |
| 19:08 | Research | Castle Age |
| 19:22 | Build | Palisade Wall |
| 19:29 | Build | Blacksmith |
| 19:39 | Build | Lumber Camp |
| 19:46 | Build | Palisade Wall |
| 19:47 | Build | Palisade Wall |
| 19:47 | Build | Palisade Wall |
| 19:48 | Build | Palisade Wall |
| 19:48 | Build | Palisade Wall |
| 19:48 | Build | Palisade Wall |
| 19:49 | Build | Palisade Wall |
| 20:33 | Research | Fletching |
| 20:40 | Build | Farm |
| 20:47 | Research | Bloodlines |
| 20:47 | Research | Bloodlines |
| 20:54 | Queue | Villager (Male) |
| 21:06 | Build | Palisade Wall |
| 21:14 | Build | Farm |
| 21:15 | Build | Farm |
| 21:19 | Build | Farm |
| 21:37 | Build | Stable |
| 21:48 | Age | Castle Age |
| 21:50 | Queue | Unit 1944 |
| 21:50 | Queue | Unit 1944 |
| 21:52 | Research | Scale Barding Armor |
| 21:53 | Queue | Villager (Male) |
Match timeline
| 4:33 | DK | Good_luck · first_building Barracks |
| 5:04 | DK | Good_luck · wall_segment Palisade Wall x5 |
| 6:29 | DK | Good_luck · wall_segment Palisade Wall x10 |
| 7:05 | Scotty · wall_segment Palisade Wall x1 |
| 7:13 | Scotty · wall_segment Palisade Wall x1 |
| 7:15 | DK | Good_luck · wall_segment Palisade Wall x14 |
| 7:17 | Scotty · wall_segment Palisade Wall x1 |
| 7:20 | Scotty · wall_segment Palisade Wall x1 |
| 7:21 | Scotty · wall_segment Palisade Wall x1 |
| 7:22 | Scotty · wall_segment Palisade Wall x1 |
| 7:22 | Scotty · wall_segment Palisade Wall x1 |
| 7:23 | Scotty · wall_segment Palisade Wall x1 |
| 7:23 | Scotty · wall_segment Palisade Wall x1 |
| 7:40 | Scotty · first_building Barracks |
| 7:42 | DK | Good_luck · wall_segment Palisade Wall x10 |
| 8:04 | DK | Good_luck · wall_segment Palisade Wall x4 |
| 8:07 | DK | Good_luck · wall_segment Palisade Wall x8 |
| 8:13 | DK | Good_luck · wall_segment Palisade Wall x4 |
| 8:15 | DK | Good_luck · wall_segment Palisade Wall x11 |
| 8:26 | Scotty · age_up feudal |
| 8:50 | DK | Good_luck · wall_segment Palisade Wall x10 |
| 9:02 | DK | Good_luck · wall_segment Palisade Wall x7 |
| 9:09 | Scotty · first_building Stable |
| 9:25 | DK | Good_luck · wall_segment Palisade Wall x1 |
| 9:26 | DK | Good_luck · wall_segment Palisade Wall x4 |
| 9:27 | Scotty · wall_segment Palisade Wall x1 |
| 9:30 | Scotty · wall_segment Palisade Wall x1 |
| 10:01 | Scotty · wall_segment Palisade Wall x1 |
| 10:02 | Scotty · wall_segment Palisade Wall x1 |
| 11:24 | DK | Good_luck · age_up feudal |
| 12:13 | Scotty · first_building Archery Range |
| 15:36 | Scotty · wall_segment Palisade Wall x1 |
| 15:39 | Scotty · wall_segment Palisade Wall x1 |
| 17:54 | Scotty · first_market_sell 100 wood |
| 18:04 | Scotty · first_market_buy 100 food |
| 18:37 | Scotty · wall_segment Palisade Wall x1 |
| 18:50 | DK | Good_luck · first_building Archery Range |
| 19:22 | Scotty · wall_segment Palisade Wall x1 |
| 19:46 | Scotty · wall_segment Palisade Wall x1 |
| 19:47 | Scotty · wall_segment Palisade Wall x1 |
| 19:47 | Scotty · wall_segment Palisade Wall x1 |
| 19:48 | Scotty · wall_segment Palisade Wall x1 |
| 19:48 | Scotty · wall_segment Palisade Wall x1 |
| 19:48 | Scotty · wall_segment Palisade Wall x1 |
| 19:49 | Scotty · wall_segment Palisade Wall x1 |
| 21:06 | Scotty · wall_segment Palisade Wall x1 |
| 21:48 | Scotty · age_up castle |
| 21:59 | DK | Good_luck · age_up castle |
| 24:22 | DK | Good_luck · first_building Monastery |
| 25:08 | Scotty · first_building Monastery |
| 29:32 | DK | Good_luck · first_building Siege Workshop |
| 33:09 | Scotty · first_building Siege Workshop |
| 33:31 | DK | Good_luck · first_market_sell 100 food |
| 35:06 | DK | Good_luck · first_market_buy 100 wood |
| 36:06 | Scotty · first_building Castle |
| 36:53 | DK | Good_luck · first_building Castle |
| 40:21 | DK | Good_luck · age_up imperial |
| 40:48 | Scotty · age_up imperial |
| 41:52 | Scotty · resign |
[ AI ANALYSIS · 1 CREDIT ]
What really happened in this match?
Wolo.gg analyzes every decision: build order, eco, micro, common mistakes by bracket. Personalized analysis on WhatsApp or Discord in 30 seconds.
Civ guide
Incas
Perfil
Jugador #689666